 Dungeon Crawl Stone Soup version 0.31-a0-277-g31ea1f65cc (webtiles) character file.

Game seed: 15485385054089657043

269 cforsyth the Ruffian (level 6, -6/56 HPs)
             Began as a Meteoran Shapeshifter on July 15, 2023.
             Was a Believer of Okawaru.
             Mangled by an iguana (14 damage)
             ... on level 4 of the Dungeon.
             The game lasted 00:06:26 (1150 turns).

cforsyth the Ruffian (Meteoran Shapeshifter)        Turns: 1150, Time: 00:06:27

Health: -6/56      AC:  2    Str: 22    XL:     6   Next: 75%
Magic:  7/7        EV: 12    Int:  9    God:    Okawaru [**....]
Gold:   87         SH:  0    Dex: 15    Spells: 5/5 levels left

rFire   . . .        o - +10 dagger of the Pariah {freeze, Str+3}
rCold   . . .        (no shield)
rNeg    . . .        a - +0 animal skin
rPois   .            (helmet currently unavailable)
rElec   .            (cloak currently unavailable)
rCorr   .            (gloves currently unavailable)
SInv    .            (boots currently unavailable)
Will    .....        n - amulet of magic regeneration
Stlth   +            (no ring)
HPRegen 0.29/turn    (no ring)
MPRegen 0.50/turn

%: no passive effects
@: beast-form, glowing
A: beast (slay +2), sense surroundings 1, otherworldly, glowing, explore regen
a: Begin Untransformation, Renounce Religion, Heroism


You were on level 4 of the Dungeon.
You worshipped Okawaru.
Okawaru was pleased with you.
You were a hulking beast.
You visited 1 branch of the dungeon, and saw 4 of its levels.

You collected 87 gold pieces.

Inventory:

Hand Weapons
 o - the +10 dagger of the Pariah (weapon) {freeze, Str+3}
   (You found it on level 3 of the Dungeon)

   Str:       It affects your strength (+3).
Armour
 a - a +0 animal skin (worn)
Jewellery
 d - an amulet of faith
 n - an amulet of magic regeneration (around neck)
Talismans
 c - a beast talisman
Scrolls
 f - 2 scrolls of identify {unknown}
 g - 3 scrolls of revelation {unknown}
 h - a scroll of enchant weapon {unknown}
 i - 3 scrolls of teleportation {unknown}
 j - a scroll of blinking {unknown}
 l - 2 scrolls of enchant armour {unknown}
 m - a scroll of poison {unknown}
Potions
 b - 2 potions of lignification
 e - 3 potions of curing {unknown}
 k - a potion of cancellation {unknown}
 p - a potion of mutation {unknown}


   Skills:
 + Level 5.1 Fighting
 - Level 2.4 Dodging
 + Level 5.6 Unarmed Combat
 - Level 3.6 Shapeshifting


You had 5 spell levels left.
You didn't know any spells.
Your spell library contained the following spells:

 Spells                   Type           Power      Damage    Failure   Level
 Magic Dart               Conj           0%         1d3       38%         1
 Sting                    Tmut/Pois      0%         1d3       38%         1
 Poisonous Vapours        Pois/Air       0%         N/A       52%         2
 Searing Ray              Conj           0%         2d4       52%         2
 Fulminant Prism          Conj/Hex       0%         3d5       99%         4
 Olgreb's Toxic Radiance  Pois           0%         N/A       99%         4


Dungeon Overview and Level Annotations

Branches:
Dungeon (4/15) Zot: 1258
 Temple: D:4-7

Altars:
Ashenzari
Hepliaklqana
Okawaru


Innate Abilities, Weirdness & Mutations

You are a hulking beast.
Your limbs bulge with bestial killing power. (Slay +2)
You passively map a small area around you.
You are easily found by Zot.
You glow in the dark.
You regain HP and MP as you explore.


Message History

You hit the orc. You freeze the orc. You punch the orc.
You kill the orc!
Okawaru accepts your kill. Something hits you but does no damage.
You hit the orc but do no damage. Something hits you.
The orc completely misses you.
You hit the orc. You freeze the orc.
The orc is almost dead.
Something hits you. The orc hits you with a +0 falchion!
* * * LOW HITPOINT WARNING * * *
You hit the orc but do no damage. You punch the orc.
You kill the orc!
Okawaru accepts your kill. Something hits you.
* * * LOW HITPOINT WARNING * * *
You closely miss something. Something hits you.
* * * LOW HITPOINT WARNING * * *
You miss something. You punch something. Something hits you.
* * * LOW HITPOINT WARNING * * *
You miss something.
You hear some strange, mumbled words.
Something tries to affect you, but you resist.
You hit something. You freeze something. Something hits you.
* * * LOW HITPOINT WARNING * * *
You hit something. You freeze something. Something hits you.
* * * LOW HITPOINT WARNING * * *
You closely miss something.
You hear some strange, mumbled words.
Something tries to affect you, but you resist.
You hit something. You freeze something. Okawaru accepts your kill.
Reactivating autopickup.
You feel a bit more experienced.
An iguana comes into view.
The iguana hisses angrily.
A dart slug comes into view.
The iguana bites you!
* * * LOW HITPOINT WARNING * * *
You hit the iguana but do no damage. The iguana bites you!
You die...

* #.# #..##.# ##+##
#.###..##.# ##...##
#.##)..##.#
#.....###.##)#.##.#
.......##.##...##.#
........#......##.#
........'.........#
........####......#
.......## ##.#.hl#
#.....## ####.##
##...## #.# ##+##
#w# * #.# ,, #.# ,
#.# #.#


You could see an iguana and a dart slug.

Vanquished Creatures
  A scorpion (D:4)
  An orc priest (D:3)
  3 orc wizards (D:4)
  2 adders
  2 worms (D:2)
  4 dart slugs
  11 orcs
  3 bats
  5 endoplasms
  6 goblins
  5 hobgoblins
  6 jackals
  3 quokkas
  2 ball pythons
  A frilled lizard (D:2)
  9 kobolds
  2 rats
66 creatures vanquished.

Notes
Turn   | Place    | Note
-------+----------+-------------------------------------------
     0 | D:1      | cforsyth the Meteoran Shapeshifter began the quest for the
                  | Orb.
     0 | D:1      | Reached XP level 1. HP: 17/17 MP: 2/2
    40 | D:1      | Reached XP level 2. HP: 12/25 MP: 3/3
   137 | D:1      | Reached XP level 3. HP: 23/30 MP: 4/4
   145 | D:1      | Found a faded altar of an unknown god.
   152 | D:1      | Prayed at the altar of an unknown god.
   152 | D:1      | Became a worshipper of Warmaster Okawaru
   152 | D:1      | Reached * piety under Okawaru
   464 | D:2      | Found an iron altar of Okawaru.
   552 | D:2      | Reached XP level 4. HP: 33/38 MP: 5/5
   646 | D:3      | Found a broken altar of Ashenzari.
   646 | D:3      | Found a hazy altar of Hepliaklqana.
   844 | D:3      | Reached XP level 5. HP: 27/46 MP: 6/6
   910 | D:3      | Identified the +10 dagger of the Pariah {freeze, Str+3}
  1072 | D:4      | Reached ** piety under Okawaru
  1073 | D:4      | Reached skill level 5 in Unarmed Combat
  1073 | D:4      | Reached XP level 6. HP: 54/55 MP: 7/7
  1119 | D:4      | Reached skill level 5 in Fighting
  1150 | D:4      | Mangled by an iguana

Illustrated notes

Levels and vault maps discovered:
D:1:      dpeg_arrival_fog, layout_rooms, dilly_ecumenical_altar_fadedgnrine,
          minmay_pentomino_x2
D:2:      layout_basic, basic_altar
D:3:      layout_loops_ring, chequers_temple_overflow_statue_of_worship,
          kennysheep_generic_room_10
D:4:      layout_loops_corners, lemuel_mausoleum_altar_kikubaaqudgha,
          kennysheep_mini_moat, uniq_eustachio

Skill      XL: |  1  2  3  4  5  6 |
---------------+-------------------+-----
Unarmed Combat | 3 4 5 |  5.6
Fighting       | 3 4 5 |  5.1
Dodging        | |  2.4
Shapeshifting  | |  3.6

Action                     |  1- 3 |  4- 6 || total
---------------------------+-------+-------++-------
  Melee: Unarmed           |    83 |    49 ||   132
         Punch             |     2 |     5 ||     7
         Dagger            |       |    46 ||    46
 Armour: Animal skin       |    19 |    15 ||    34
  Dodge: Dodged            |    24 |    42 ||    66

Table legend: (Time is in decaauts)
 A = Elapsed time spent in this place.
 B = Non-inter-level travel time spent in this place.
 C = Inter-level travel time spent in this place.
 D = Time resting spent in this place.
 E = Time spent auto-exploring this place.
 F = Levels seen in this place.
 G = Mean time per level.
                   A        B        C        D        E       F      G
               +--------+--------+--------+--------+--------+-----+--------+
         Total |   1140 |   1140 |      0 |      0 |      0 |   4 |  285.0 |
       Dungeon |   1140 |   1140 |      0 |      0 |      0 |   4 |  285.0 |
               +--------+--------+--------+--------+--------+-----+--------+

Top non-repeatable levels by time:
     D:1: 339 daAuts
     D:3: 296 daAuts
     D:2: 293 daAuts
     D:4: 210 daAuts
